 Dungeon Crawl Stone Soup version 0.26.1-11-gd32895ea62 (webtiles) character file.

Game seed: 11522070548745754761

8495 phalm the Destroyer (level 11, 0/60 HPs)
             Began as a Deep Elf Conjurer on May 3, 2021.
             Was a Believer of Vehumet.
             Killed by refrigeration
             ... invoked by Fannar
              (17 damage)
             ... on level 10 of the Dungeon.
             The game lasted 00:37:20 (14547 turns).

phalm the Destroyer (Deep Elf Conjurer)            Turns: 14547, Time: 00:37:20

Health: 0/60       AC:  8    Str:  4    XL:     11   Next: 10%
Magic:  15/23      EV: 13    Int: 27    God:    Vehumet [**....]
Gold:   687        SH:  0    Dex: 13    Spells: 17/24 levels left

rFire    . . .     SeeInvis .   t - staff of conjuration
rCold    . . .     Faith    .   (no shield)
rNeg     . . .     Spirit   .   K - +0 troll leather armour
rPois    .         Reflect  .   (no helmet)
rElec    .         Harm     .   N - +2 cloak
rCorr    .         Rampage  .   (no gloves)
Will     ++...                  o - +0 pair of boots
Stlth    ++........             (no amulet)
HPRegen  0.60/turn              H - ring of willpower
MPRegen  0.18/turn              (no ring)

@: studying Invocations
A: no striking features
a: Renounce Religion


You were on level 10 of the Dungeon.
You worshipped Vehumet.
Vehumet was pleased with you.
You visited 2 branches of the dungeon, and saw 11 of its levels.
You also visited: Ossuary.

You collected 687 gold pieces.


   Skills:
 + Level 3.3 Fighting
 * Level 6.2 Staves
 + Level 3.4 Armour
 + Level 5.6 Dodging
 - Level 2.4 Stealth
 + Level 7.1 Spellcasting
 * Level 11.4 Conjurations
 - Level 7.0 Translocations
 * Level 6.7 Evocations


You had 17 spell levels left.
You knew the following spells:

 Your Spells              Type           Power        Failure   Level
m - Magic Dart            Conj           100%         1%          1
s - Searing Ray           Conj           100%         1%          2
X - Iskenderun's Mystic   Conj/Tloc      73%          2%          4

Your spell library contained the following spells:

 Spells                   Type           Power        Failure   Level
 Freeze                   Ice            36%          10%         1
 Dazzling Flash           Conj/Hex       100%         2%          3
 Fulminant Prism          Conj/Hex       28%          9%          4
 Beastly Appendage        Tmut           18%          10%         1
 Wereblood                Tmut           9%           14%         2
 Spider Form              Tmut/Pois      4%           28%         3
 Ice Form                 Ice/Tmut       9%           67%         4
 Blade Hands              Tmut           4%           95%         5

Inventory:

Hand Weapons
 f - a +0 dagger of speed
   (You took it off a goblin on level 1 of the Dungeon)
Missiles
 l - 14 poisoned darts
Armour
 o - a +0 pair of boots (worn)
   (You found it on level 2 of the Dungeon)
 J - a +2 robe
   (You took it off Psyche on level 9 of the Dungeon)
 K - a +0 troll leather armour (worn)
   (You found it on level 9 of the Dungeon)
 N - a +2 cloak (worn)
   (You found it on level 10 of the Dungeon)
Magical Staves
 t - an uncursed staff of conjuration (weapon)
   (You found it on level 4 of the Dungeon)
 y - an uncursed staff of fire
   (You found it on level 5 of the Dungeon)
Jewellery
 C - the ring of Makhleb's Grace {Str-5 Int+6 Dex+6}
   (You found it on level 7 of the Dungeon)

   [ring of intelligence]

   It affects your strength (-5).
   It affects your intelligence (+6).
   It affects your dexterity (+6).
 H - a ring of willpower (left hand)
   (You found it on level 9 of the Dungeon)
Wands
 b - a wand of flame (27)
   (You found it on level 4 of the Dungeon)
 u - a wand of disintegration (15)
   (You found it on level 4 of the Dungeon)
 E - a wand of polymorph (9)
   (You found it on level 7 of the Dungeon)
Scrolls
 a - a scroll of immolation {unknown}
 g - 6 scrolls of enchant armour
 h - 4 scrolls of remove curse {@r2}
 k - 4 scrolls of teleportation {@r4}
 q - 3 scrolls of enchant weapon {unknown}
 s - 4 scrolls of blinking {unknown}
 w - 4 scrolls of magic mapping {!r}
 x - a scroll of vulnerability {unknown}
 I - 3 scrolls of fog {unknown}
 L - 2 scrolls of summoning {unknown}
 M - a scroll of amnesia {unknown}
Potions
 d - 2 potions of haste {unknown}
 e - 4 potions of flight
 i - 3 potions of cancellation
 j - 3 potions of brilliance
 m - 2 potions of invisibility
 n - 2 potions of magic {unknown}
 p - 4 potions of might
 r - 2 potions of mutation {unknown}
 v - 4 potions of curing {@q1}
 z - a potion of attraction {unknown}
 A - 3 potions of lignification {!q}
 B - 3 potions of berserk rage {unknown}
 F - 2 potions of heal wounds {unknown}
Books
 G - a manual of Invocations {!d}
   (You found it on level 7 of the Dungeon)
Miscellaneous
 c - a tin of tremorstones (1/2)
   (You found it on level 9 of the Dungeon)

Dungeon Overview and Level Annotations

Branches:
Dungeon (10/15)            Temple (1/1) D:5            Lair (0/6) D:10
Ossuary (visited)
    Orc: D:9-12

Altars:
Ashenzari
Cheibriados
Dithmenos
Elyvilon
Fedhas
Gozag
Hepliaklqana
Kikubaaqudgha
Makhleb
Nemelex Xobeh
Okawaru
Qazlal
Ru
Sif Muna
Trog
Uskayaw
Vehumet
Wu Jian
Xom
Yredelemnul
Zin
The Shining One

Shops:
D:9 [

Annotations:
D:10 Fannar

.. #.# #.# #.# .#
#####)# #######.# #
...#.# #.......#.#.
####.#)# #.......'...
##.<.@.Y###.......# #.
#........).eY.....#.#.##
####......##..........#
####......#....#....
###.#............
#.##.#)........
#.#............
#.#..#.########
#.#...........


You could see Fannar (icy armour) and 2 ice beasts.


Message History

Confirm with . or Enter, or press ? or * to list all spells.
Aiming: Searing Ray (safe; 1% risk of failure)
Press: ? - help, Shift-Dir - straight line, p - wight You feel a surge of power!
The searing ray hits the wight! (Press . to maintain the ray.) 😎 MP[-2]
You lost 2 mp, and now have 19/23 mp.
The searing ray hits the wight. x2 😎 MP[-1]
You lost 1 mp, and now have 18/23 mp.
The searing ray hits the wight!
You destroy the wight!
Vehumet accepts your kill.
The searing ray hits the wight!
You destroy the wight!
Vehumet accepts your kill.
You feel your power returning. 😎 MP[+1]
The searing ray hits the wight!
You finish channeling your searing ray. 😎 MP[-1]
You lost 1 mp, and now have 18/23 mp.
Casting: Searing Ray (safe; 1% risk of failure)
Confirm with . or Enter, or press ? or * to list all spells.
Aiming: Searing Ray (safe; 1% risk of failure)
Press: ? - help, Shift-Dir - straight line You feel a surge of power!
The searing ray hits the wight.
You destroy the wight!
Vehumet accepts your kill.
You feel your power returning. (Press . to maintain the ray.) 😎 MP[-1]
You lost 1 mp, and now have 17/23 mp.
A wight comes into view. It is wielding a +4 great sword.
Things that are here:
a +0 short sword; a +0 robe; 😎 MP[+6]
Your mp is fully restored (23).
You feel a surge of power!
The magic dart hits the wight! 😎 MP[-1]
You lost 1 mp, and now have 22/23 mp.
You feel a surge of power!
The magic dart hits the wight but does no damage. 😎 MP[-1]
You lost 1 mp, and now have 21/23 mp.
Casting: Magic Dart (safe; 1% risk of failure)
Confirm with . or Enter, or press ? or * to list all spells.
Aiming: Searing Ray (safe; 1% risk of failure)
Press: ? - help, Shift-Dir - straight line, f/p - wight
Aim: a wight, wielding a +4 great sword and wearing a +0 robe (heavily damaged, 17% to evade)
You feel a surge of power!
The searing ray hits the wight!
You destroy the wight!
Vehumet accepts your kill.
Vehumet offers you knowledge of Freeze. (Press . to maintain the ray.) 😎 MP[-2]
You lost 2 mp, and now have 19/23 mp.
Fannar the Cold-Hearted comes into view.
They are wielding a +0 quarterstaff of freezing and wearing a +2 robe of cold resistance. 😎 MP[+1]
You feel a surge of power!
The magic dart hits Fannar but does no damage. 😎 MP[-1]
You lost 1 mp, and now have 19/23 mp.
Aiming: Disintegrate
Press: ? - help, Shift-Dir - straight line, f/p - Fannar
Aim: Fannar, wielding a +0 quarterstaff of freezing, wearing a +2 robe of cold resistance and wearing an uncursed ring of ice (covered in an icy film, chance to affect: 39%) Fannar is blasted!!
The tremorstone explodes into fragments!
The burst of rock shards engulfs you! The burst of rock shards engulfs you.
The burst of rock shards engulfs you!
* * * LOW HITPOINT WARNING * * *
😨 HP[-35]
You take 35 damage, and now have 25/60 hp.
MASSIVE DAMAGE!! (PAUSE)
Casting: Magic Dart (safe; 1% risk of failure)
Confirm with . or Enter, or press ? or * to list all spells.
Aiming: Searing Ray (safe; 1% risk of failure)
Press: ? - help, Shift-Dir - straight line, f/p - Fannar
Aim: Fannar, wielding a +0 quarterstaff of freezing, wearing a +2 robe of cold resistance and wearing an uncursed ring of ice (moderately wounded, covered in an icy film, 28% to evade)
You feel a surge of power!
The searing ray hits Fannar! (Press . to maintain the ray.) Fannar casts a spell. 😨 MP[-2]
You lost 2 mp, and now have 17/23 mp.
The searing ray hits Fannar but does no damage.
Fannar gestures at you while chanting. The bolt of cold hits you!
* * * LOW HITPOINT WARNING * * *
😱 HP[-10] MP[-1]
You take 10 damage, and now have 15/60 hp.
You lost 1 mp, and now have 16/23 mp.
The searing ray hits the ice beast!
The searing ray hits Fannar! 😨 HP[+1]
The searing ray misses the ice beast.
You finish channeling your searing ray.
Fannar gestures wildly while chanting. 😨 MP[-1]
You lost 1 mp, and now have 15/23 mp. 😨 HP[+1] Fannar mumbles some strange words.
Fannar drains the heat from the surrounding environment!
You feel very cold.
You die...

Skill      XL: |  1  2  3  4  5  6  7  8  9 10 |
---------------+-------------------------------+-----
Conjurations   | 5 6 7 8 9 10 11 | 11.4
Translocations | 2 3 4 6 7 |  7.0
Spellcasting   | 4 5 7 |  7.1
Staves         | 2 4 6 |  6.2
Evocations     | 2 4 6 |  6.7
Fighting       | 1 2 3 |  3.3
Armour         | 1 2 3 |  3.4
Dodging        | 3 4 5 |  5.6
Stealth        | |  2.4

Action                   |  1- 3 |  4- 6 |  7- 9 | 10-12 || total
-------------------------+-------+-------+-------+-------++-------
Melee: Dagger            |    18 |     1 |    36 |       ||    55
       Staff             |       |       |    19 |     3 ||    22
 Cast: Magic Dart        |    59 |   157 |   254 |   124 ||   594
       Searing Ray       |     2 |    11 |    51 |    44 ||   108
       Iskenderun's Myst |       |       |     5 |    11 ||    16
Evoke: Wand              |       |       |     2 |     2 ||     4
       Tin of tremorston |       |       |       |     1 ||     1
  Use: Scroll            |       |       |    11 |     4 ||    15
 Stab: Sleeping          |       |     1 |       |       ||     1
Armor: Robe              |     1 |     2 |     9 |     2 ||    14
       Troll leather arm |       |       |       |     4 ||     4
Dodge: Dodged            |     9 |    22 |    65 |    15 ||   111

Levels and vault maps discovered:
D:1:      onia_arrival_zoo_common, layout_basic
D:2:      layout_loops_ring, minmay_rat_gold_closets, uniq_terence
D:3:      layout_basic, grunt_temple_overflow_diamond
D:4:      layout_loops_ring, gammafunk_temple_overflow_elements, serial_undead,
          serial_undead_f, serial_undead_c, serial_undead_e, serial_undead_a,
          serial_undead_b, serial_undead_c
D:5:      layout_gridville, minmay_temple_entry_junction_2,
          nicolae_ossuary_entry_monument
D:6:      layout_basic, uniq_sigmund
D:7:      layout_basic, minmay_manual_mares
D:8:      layout_basic, old_standard_altar, hangedman_decor_peaks_small,
          small_chamber_with_monster, chequers_avenue
D:9:      minmay_skewed_foursquare, layout_basic, serial_shops, shop,
          minmay_misc_feat_five, uniq_erolcha, uniq_psyche
D:10:     layout_basic, grunt_lair_entry_orc_guard_hut, minmay_lindwurm_lava,
          uniq_fannar
Temple:   regret_index_temple_sphere_string

Notes
Turn   | Place    | Note
-------+----------+-------------------------------------------
     0 | D:1      | phalm the Deep Elf Conjurer began the quest for the Orb.
     0 | D:1      | Reached XP level 1. HP: 10/10 MP: 6/6
     0 | D:1      | magus.rc [v1.9.10]
     6 | D:1      | Noticed a black mamba
     6 | D:1      | Noticed a wyvern
     7 | D:1      | Noticed a black bear
     7 | D:1      | Noticed a swamp worm
   280 | D:1      | Reached XP level 2. HP: 15/15 MP: 5/8
   284 | D:1      | Reached skill level 5 in Conjurations
   295 | D:1      | Learned a level 2 spell: Searing Ray
  1131 | D:1      | Reached XP level 3. HP: 19/19 MP: 7/9
  1559 | D:2      | Noticed Terence
  1562 | D:2      | Killed Terence
  1563 | D:2      | Reached skill level 6 in Conjurations
  1737 | D:2      | Reached XP level 4. HP: 24/24 MP: 7/10
  1747 | D:2      | Learned a level 4 spell: Iskenderun's Mystic Blast
  1960 | D:2      | You fall into a shaft and drop 2 floors!
  1965 | D:4      | Noticed an ogre
  2046 | D:4      | Reached skill level 1 in Translocations
  2279 | D:4      | Noticed an ogre
  2283 | D:4      | Killed an ogre
  2284 | D:4      | Reached skill level 2 in Translocations
  2284 | D:4      | Reached XP level 5. HP: 28/28 MP: 2/11
  2532 | D:3      | Reached skill level 7 in Conjurations
  2546 | D:3      | Reached skill level 3 in Translocations
  2711 | D:3      | Found a glowing golden altar of the Shining One.
  2715 | D:3      | Found a bloodstained altar of Trog.
  2720 | D:3      | Found a blossoming altar of Fedhas.
  2801 | D:3      | Reached XP level 6. HP: 32/32 MP: 1/12
  3051 | D:3      | Noticed an ice beast
  3057 | D:3      | Killed an ice beast
  3058 | D:3      | Reached skill level 4 in Translocations
  4535 | D:4      | Reached XP level 7. HP: 36/36 MP: 7/13
  4667 | D:4      | Reached skill level 8 in Conjurations
  4701 | D:4      | Reached skill level 5 in Translocations
  5678 | D:4      | Found an ancient bone altar of Kikubaaqudgha.
  5678 | D:4      | Found a white marble altar of Elyvilon.
  5746 | D:5      | Entered Level 5 of the Dungeon
  5753 | D:5      | Found a staircase to the Ecumenical Temple.
  5772 | D:5      | Reached skill level 6 in Translocations
  5832 | D:5      | Found a sand-covered staircase.
  5849 | Ossuary  | Entered an ossuary
  6474 | Ossuary  | Reached XP level 8. HP: 34/41 MP: 8/14
  6537 | Ossuary  | Reached skill level 9 in Conjurations
  6818 | D:5      | You pick up a book of Changes and begin reading...
  6818 | D:5      | You add the spells Beastly Appendage, Wereblood, Spider
                  | Form, Ice Form and Blade Hands to your library.
  7007 | D:5      | Reached skill level 4 in Spellcasting
  7242 | Temple   | Entered the Ecumenical Temple
  7741 | D:6      | Reached skill level 1 in Staves
  7741 | D:6      | Reached skill level 7 in Translocations
  7741 | D:6      | Reached skill level 1 in Evocations
  7891 | D:6      | Noticed Sigmund
  7896 | D:6      | Killed Sigmund
  7897 | D:6      | Reached skill level 1 in Fighting
  7897 | D:6      | Reached skill level 2 in Staves
  7897 | D:6      | Reached skill level 1 in Armour
  7897 | D:6      | Reached skill level 3 in Dodging
  7897 | D:6      | Reached skill level 2 in Evocations
  8005 | D:6      | You fall into a shaft and drop 2 floors!
  8286 | D:8      | Reached XP level 9. HP: 47/47 MP: 13/18
  8390 | D:8      | Found a snail-covered altar of Cheibriados.
  8399 | D:8      | Noticed a two-headed ogre
  8411 | D:7      | Got a faintly glowing silver ring
  8412 | D:7      | Lost strength.
  8412 | D:7      | Identified the ring of Makhleb's Grace {Str-5 Int+6 Dex+6}
                  | (You found it on level 7 of the Dungeon)
  8970 | D:7      | Reached skill level 3 in Evocations
  9065 | D:7      | Reached skill level 3 in Staves
  9065 | D:7      | Reached skill level 5 in Spellcasting
  9065 | D:7      | Reached skill level 10 in Conjurations
  9689 | Temple   | Became a worshipper of Vehumet
 10111 | D:7      | You pick up a book of Conjurations and begin reading...
 10320 | D:8      | Killed a two-headed ogre
 10321 | D:8      | Reached skill level 2 in Fighting
 10321 | D:8      | Reached skill level 4 in Staves
 10321 | D:8      | Reached skill level 2 in Armour
 10321 | D:8      | Reached skill level 4 in Dodging
 10321 | D:8      | Reached skill level 4 in Evocations
 10558 | D:8      | Reached XP level 10. HP: 27/53 MP: 6/20
 11212 | D:8      | Noticed a two-headed ogre
 11221 | D:8      | Killed a two-headed ogre
 11222 | D:8      | Reached skill level 6 in Spellcasting
 11222 | D:8      | Reached skill level 5 in Evocations
 11458 | D:9      | Noticed Psyche
 11466 | D:9      | Killed Psyche
 11467 | D:9      | Reached skill level 5 in Staves
 11525 | D:9      | Found Zowu's Antique Armour Emporium.
 11549 | D:9      | Noticed Erolcha
 11554 | D:9      | Paralysed by Erolcha for 3 turns
 11562 | D:9      | Killed Erolcha
 11563 | D:9      | Reached skill level 5 in Dodging
 11563 | D:9      | Reached skill level 11 in Conjurations
 11858 | D:9      | Reached skill level 3 in Armour
 12200 | D:9      | Reached skill level 6 in Evocations
 12563 | D:9      | Reached skill level 3 in Fighting
 12662 | D:9      | Reached * piety under Vehumet
 12662 | D:9      | Offered knowledge of Foxfire by Vehumet.
 13244 | D:10     | Entered Level 10 of the Dungeon
 13636 | D:10     | Reached skill level 7 in Spellcasting
 13712 | D:10     | Noticed a lindwurm
 13713 | D:10     | Noticed a lindwurm
 13714 | D:10     | Noticed a lindwurm
 13715 | D:10     | Noticed a lindwurm
 13908 | D:10     | Reached skill level 6 in Staves
 13908 | D:10     | Reached XP level 11. HP: 26/60 MP: 16/23
 14226 | D:10     | Found a staircase to the Lair.
 14536 | D:10     | Reached ** piety under Vehumet
 14536 | D:10     | Offered knowledge of Freeze by Vehumet.
 14538 | D:10     | Noticed Fannar
 14543 | D:10     | HP: 15/60 [Fannar/bolt of cold (11)]
 14547 | D:10     | Killed from afar by Fannar

Vanquished Creatures
  Erolcha (D:9)
  2 two-headed ogres (D:8)
  Psyche (D:9)
  A troll (D:9)
  5 slime creatures (D:10)
  Sigmund (D:6)
  A water moccasin (D:6)
  An orc warrior (D:10)
  2 sky beasts
  3 ice beasts
  A necrophage (D:7)
  7 ogres
  6 centaurs
  2 big kobolds (D:9)
  5 bullfrogs
  7 scorpions
  A water moccasin skeleton (D:5)
  10 wights
  8 killer bees
  A howler monkey (D:4)
  2 electric eels (D:10)
  4 jellies
  2 centaur skeletons (D:4)
  3 hounds
  2 orc priests (D:10)
  8 orc wizards
  4 bullfrog skeletons
  Terence (D:2)
  An iguana (D:8)
  4 worker ants
  A hound skeleton (D:4)
  8 mummies (Ossuary)
  4 worker ant zombies (D:4)
  9 adders
  6 gnolls (D:3)
  A shadow imp (D:10)
  2 white imps
  2 ufetubi
  2 adder zombies
  3 adder skeletons
  6 worms
  4 dart slugs
  2 leopard geckos
  20 orcs
  8 bats
  6 giant cockroaches
  3 gnoll zombies (Ossuary)
  5 goblins
  10 hobgoblins
  9 jackals
  21 kobolds
  7 quokkas
  A ball python (D:3)
  4 frilled lizards
  2 giant cockroach zombies (D:4)
  2 hobgoblin zombies (Ossuary)
  A jackal zombie (D:5)
  A kobold zombie (Ossuary)
  A leopard gecko skeleton (D:4)
  A leopard gecko zombie (D:4)
  2 orc zombies (Ossuary)
  A quokka skeleton (D:9)
  2 quokka zombies
  21 rats
275 creatures vanquished.

Vanquished Creatures (others)
  2 plants (D:10)
  2 withered plants (D:4)
4 creatures vanquished.

Grand Total: 279 creatures vanquished

Table legend:
 A = Non-vault XP
 B = Vault XP
 C = Vault XP percentage of total XP
 D = Non-vault monster count
 E = Vault monster count
 F = Vault count percentage of total count
                 A         B        C        D         E       F
            +---------+---------+-------+---------+---------+-------
      Total |    8383 |    3753 |  30.9 |     223 |      52 |  18.9
            +---------+---------+-------+---------+---------+-------
        D:1 |      43 |       0 |   0.0 |      25 |       0 |   0.0
        D:2 |      48 |      45 |  48.4 |      22 |      10 |  31.2
        D:3 |     373 |       0 |   0.0 |      40 |       0 |   0.0
        D:4 |     611 |     134 |  18.0 |      22 |      11 |  33.3
        D:5 |     435 |       0 |   0.0 |      11 |       0 |   0.0
        D:6 |     544 |     238 |  30.4 |      10 |       1 |   9.1
        D:7 |    1074 |     228 |  17.5 |      19 |       2 |   9.5
        D:8 |    1950 |     905 |  31.7 |      25 |       1 |   3.8
        D:9 |     860 |    1635 |  65.5 |      23 |       6 |  20.7
       D:10 |    2445 |     412 |  14.4 |      26 |       5 |  16.1
    Ossuary |       0 |     156 | 100.0 |       0 |      16 | 100.0
            +---------+---------+-------+---------+---------+-------

Illustrated notes

Table legend:
 A = Kills in this place as a percentage of kills in entire the game.
 B = Kills by you in this place as a percentage of kills by you in the entire game.
 C = Kills by friends in this place as a percentage of kills by friends in the entire game.
 D = Other kills in this place as a percentage of other kills in the entire game.
 E = Experience gained in this place as a percentage of experience gained in the entire game.
 F = Experience gained in this place divided by the number of levels of this place that you have seen.
                   A       B       C       D       E      F
               +-------+-------+-------+-------+-------+----------------------
         Total | 100.0 | 100.0 |   N/A |   N/A | 100.0 | 1011.3
       Dungeon |  94.2 |  94.2 |   N/A |   N/A |  98.7 | 1198.0
       Ossuary |   5.8 |   5.8 |   N/A |   N/A |   1.3 | 156.0
               +-------+-------+-------+-------+-------+----------------------

Table legend: (Time is in decaauts)
 A = Elapsed time spent in this place.
 B = Non-inter-level travel time spent in this place.
 C = Inter-level travel time spent in this place.
 D = Time resting spent in this place.
 E = Time spent auto-exploring this place.
 F = Levels seen in this place.
 G = Mean time per level.
                   A        B        C        D        E       F      G
               +--------+--------+--------+--------+--------+-----+--------+
         Total |  14569 |  14140 |    429 |    625 |  11744 |  12 | 1214.1 |
       Dungeon |  13499 |  13156 |    343 |    625 |  10924 |  10 | 1349.9 |
        Temple |    238 |    152 |     86 |      0 |    144 |   1 |  238.0 |
       Ossuary |    832 |    832 |      0 |      0 |    676 |   1 |  832.0 |
               +--------+--------+--------+--------+--------+-----+--------+

Top non-repeatable levels by time:
     D:9: 1844 daAuts
     D:4: 1644 daAuts
     D:3: 1582 daAuts
     D:7: 1575 daAuts
     D:8: 1490 daAuts
     D:1: 1401 daAuts
    D:10: 1325 daAuts
     D:2: 1280 daAuts
 Ossuary: 832 daAuts
     D:6: 683 daAuts
     D:5: 671 daAuts
  Temple: 238 daAuts
